Map: Ever Dream LE

Players

antagomiR

  • Race: Protoss Protoss
  • League: Gold
  • Spawn Location: 1:00

BigDawgAK - Winner!

  • Race: Zerg Zerg
  • Spawn Location: 7:00

VOD

Have the link to the VOD?

Description

Time

  • Played on: April 8, 2020, 12:26 a.m.
  • Length: 23:54
Show
View Real Time Build Order
Export as new Build Order

antagomiR Protoss 

Build Orders:  

Get SALT Encoding   

  12  0:01  Probe  
  13  0:14  Probe  
  14  0:25  Pylon  
  14  0:30  Probe  
  15  0:43  Probe  
  15  0:44  Gateway  
  16  0:55  Probe  
  17  0:58  Assimilator  
  17  1:10  Probe  
  18  1:23  Probe  
  19  1:34  Cybernetics Core  
  19  1:35  Probe  
  20  1:54  Nexus  
  20  2:05  Probe  
  21  2:13  Pylon  
  21  2:15  Assimilator  
  21  2:17  Probe  
  21  2:18  Warp Gate (Chrono Boost)  
  22  2:31  Adept  
  22  2:32  Gateway  
  24  2:37  Probe  
  25  2:47  Robotics Facility  
  25  2:49  Probe  
  26  3:01  Probe, Stalker  
  29  3:14  Probe  
  30  3:21  Probe  
  30  3:26  Probe  
  32  3:32  Gateway  
  32  3:33  Probe  
  33  3:35  Gateway, Observer  
  33  3:38  Probe, Sentry (Chrono Boost)  
  37  3:46  Probe  
  38  3:50  Probe  
  39  3:56  Observer  
  39  3:58  Probe  
  39  4:02  Probe  
  42  4:12  Stalker  
  42  4:13  Sentry  
  46  4:24  Pylon  
  46  4:27  Shield Battery  
  46  4:41  Immortal (Chrono Boost)  
  46  4:42  Probe x2  
  52  4:54  Probe x2  
  54  5:12  Pylon  
  54  5:14  Pylon  
  54  5:27  Gateway  
  54  5:28  Assimilator  
  54  5:30  Probe x2, Assimilator, Observer  
  54  5:34  Pylon  
  57  5:37  Stargate  
  57  5:42  Probe x2  
  59  5:43  Stalker x2  
  59  5:46  Zealot x2  
  67  5:52  Observer  
  67  5:54  Probe x2  
  70  6:06  Probe x2  
  72  6:16  Immortal  
  76  6:19  Probe x2  
  78  6:39  Nexus  
  78  6:42  Pylon  
  78  6:45  Pylon  
  78  6:50  Twilight Council  
  78  6:54  Forge  
  78  7:00  Probe, Forge  
  78  7:01  Immortal  
  83  7:07  Stargate  
  83  7:12  Stalker  
  83  7:14  Stalker  
  87  7:15  Sentry  
  87  7:16  Sentry  
  87  7:19  Zealot  
  80  7:47  Zealot x3  
  86  7:57  Stalker x2  
  88  8:09  Stalker  
  88  8:10  Stalker x2  
  94  8:22  Probe  
  94  8:23  Probe x2  
  94  8:26  Stalker x2  
  101  8:44  Charge (Chrono Boost), Pylon  
  101  8:46  Pylon, Protoss Ground Armor Level 1 (Chrono Boost)  
  101  8:52  Protoss Ground Weapons Level 1 (Chrono Boost)  
  101  8:55  Templar Archives  
  101  9:02  Probe, Oracle  
  105  9:03  Oracle  
  108  9:14  Shield Battery  
  108  9:18  Assimilator  
  108  9:23  Assimilator  
  108  9:25  Shield Battery  
  108  9:26  Photon Cannon  
  108  9:28  Pylon  
  108  9:29  Photon Cannon  
  108  9:34  Photon Cannon  
  108  9:38  Gateway, Stalker  
  108  9:39  Stalker x3  
  116  9:54  Probe  
  116  9:55  Probe x2  
  119  10:07  Probe x3  
  122  10:16  Pylon  
  122  10:19  Probe x3, Pylon  
  122  10:21  Pylon  
  125  10:34  Probe x3  
  125  10:45  Phoenix x2  
  125  10:46  Probe  
  125  10:48  Stalker x3  
  125  10:49  Stalker x3  
  142  11:10  Phoenix x2  
  146  11:12  Gateway  
  146  11:13  Probe x2, Gateway  
  146  11:14  Probe  
  146  11:15  Gateway  
  149  11:20  Photon Cannon  
  149  11:23  Gateway  
  149  11:27  Photon Cannon  
  149  11:30  Photon Cannon  
  149  11:31  Photon Cannon  
  149  11:34  Photon Cannon x2  
  149  11:35  Shield Battery  
  149  11:49  Probe x2  
  149  11:50  Probe  
  149  11:51  Phoenix  
  148  11:54  Phoenix  
  148  12:08  Protoss Ground Weapons Level 2 (Chrono Boost)  
  148  12:11  Pylon  
  148  12:12  Pylon  
  148  12:15  Pylon  
  148  12:17  Pylon  
  148  12:22  Pylon  
  148  12:23  Pylon  
  148  12:28  Phoenix x2, Photon Cannon  
  148  12:29  Photon Cannon  
  152  12:34  Protoss Ground Armor Level 2 (Chrono Boost)  
  152  12:38  Fleet Beacon  
  152  12:43  Stalker x3  
  152  12:44  Stalker x4  
  166  12:53  Phoenix x2  
  170  13:05  Stalker  
  170  13:06  Stalker x2  
  163  13:18  Phoenix  
  154  13:23  Stalker x4  
  154  13:24  Stalker  
  146  13:33  Stalker x3  
  132  13:53  Blink (Chrono Boost)  
  129  14:02  Gateway  
  129  14:03  Gateway  
  129  14:05  Gateway, Stalker  
  129  14:06  Stalker  
  129  14:07  High Templar  
  129  14:08  Gateway, High Templar x4  
  129  14:09  High Templar  
  145  14:12  Archon x2  
  145  14:13  Archon  
  145  14:28  Phoenix  
  145  14:29  Phoenix  
  149  14:32  Probe x3  
  152  14:53  Phoenix  
  147  15:26  High Templar  
  147  15:27  High Templar x5  
  147  15:28  High Templar  
  143  15:31  Sentry x2  
  143  15:33  Zealot, Stalker  
  143  15:35  Archon x3  
  99  15:46  Void Ray  
  103  15:53  Zealot x2  
  103  15:54  Zealot x2  
  111  16:02  Zealot x3  
  111  16:03  Zealot x5  
  113  16:30  Stalker x4  
  113  16:31  High Templar  
  113  16:32  High Templar x2  
  127  16:34  Zealot  
  127  16:37  Archon x2  
  129  16:58  Zealot x3  
  129  16:59  High Templar  
  129  17:00  High Templar  
  123  17:15  Nexus  
  115  17:25  Archon  
  115  17:27  Zealot x2, Stalker x2  
  105  17:38  Stalker x2  
  83  17:52  Stalker  
  83  17:53  Stalker  
  83  18:17  Stalker x3  
  67  19:13  Stalker  
  68  19:23  Zealot  
  56  20:03  Zealot x2  
  56  20:04  Zealot x3  
  56  20:05  Zealot  
  47  20:40  High Templar  
  47  20:41  High Templar x4  
  57  20:44  Archon  
  57  20:45  Archon  
  51  21:01  High Templar x2  
  51  21:02  High Templar  
  51  21:06  Probe x3  
  54  21:17  Archon  
  54  21:18  Archon  
  54  21:20  Zealot  
  56  21:28  Zealot  
  58  21:34  Probe x2  
  60  21:52  Zealot x2  
  64  22:10  Dark Shrine  
  22  22:57  Void Ray (Chrono Boost)  
Show
View Real Time Build Order
Export as new Build Order

BigDawgAK Zerg - Winner!

Build Orders: Pool First 

Get SALT Encoding   

  12  0:01  Drone  
  13  0:09  Drone  
  14  0:16  Extractor  
  14  0:17  Drone  
  15  0:22  Overlord  
  15  0:37  Spawning Pool  
  15  0:41  Drone  
  15  0:45  Drone  
  15  0:47  Extractor  
  15  0:50  Drone  
  15  0:56  Drone  
  17  1:07  Drone  
  18  1:17  Drone  
  19  1:29  Hatchery, Drone  
  19  2:02  Lair  
  19  2:03  Drone  
  19  2:04  Drone x2  
  22  2:13  Extractor  
  21  2:16  Overlord  
  21  2:36  Zergling x4  
  23  2:42  Metabolic Boost  
  23  2:52  Zergling x2  
  23  2:55  Drone x2  
  26  3:03  Drone  
  26  3:05  Queen  
  29  3:06  Zergling x2  
  29  3:15  Zergling x2  
  30  3:21  Drone  
  30  3:23  Drone  
  30  3:24  Queen  
  30  3:27  Drone  
  35  3:39  Zergling x2, Hatchery  
  35  3:40  Zergling x2  
  36  3:50  Overlord  
  36  3:51  Overlord x2  
  36  3:58  Infestation Pit  
  35  4:10  Drone x2  
  35  4:11  Overlord  
  34  4:31  Zergling x4  
  34  4:35  Extractor  
  34  4:40  Hive  
  34  4:44  Spire  
  34  4:45  Drone x2  
  35  4:50  Drone x2  
  37  5:00  Overlord  
  37  5:01  Overlord  
  37  5:04  Drone  
  38  5:11  Drone  
  38  5:12  Drone x2  
  41  5:17  Zergling x4  
  43  5:26  Pneumatized Carapace  
  43  5:28  Drone x2  
  45  5:32  Extractor  
  45  5:34  Zergling x2  
  45  5:35  Zergling x2  
  46  5:37  Drone x2  
  48  5:43  Drone  
  49  5:53  Zergling x6  
  52  5:58  Drone  
  52  6:01  Roach Warren  
  52  6:03  Drone  
  52  6:04  Drone x2  
  55  6:06  Overlord  
  55  6:10  Drone x2  
  57  6:14  Drone  
  58  6:23  Mutalisk x3  
  64  6:35  Greater Spire  
  64  6:37  Mutalisk x3  
  64  6:38  Mutalisk  
  72  6:40  Drone  
  72  6:41  Drone  
  74  6:52  Overlord  
  74  6:53  Overlord x2  
  74  7:00  Drone x2  
  76  7:03  Extractor  
  76  7:04  Extractor, Queen  
  76  7:17  Drone  
  76  7:20  Drone x3  
  74  7:40  Zergling x6  
  74  7:41  Zergling x2  
  76  7:46  Zergling x6  
  78  8:04  Zergling x4  
  78  8:05  Zergling x2  
  81  8:06  Zergling x4  
  83  8:21  Drone  
  83  8:25  Drone x3  
  87  8:29  Zergling x2  
  87  8:30  Zergling x2  
  87  8:32  Roach  
  91  8:38  Drone  
  92  9:01  Hatchery  
  91  9:03  Hatchery  
  91  9:05  Zergling x8  
  91  9:06  Zergling x2  
  91  9:07  Roach x5  
  91  9:08  Roach  
  91  9:09  Roach x3  
  113  9:14  Hatchery  
  112  9:18  Overlord  
  112  9:32  Zerg Flyer Weapons Level 1  
  112  9:44  Corruptor x2  
  116  9:46  Corruptor x2  
  116  9:48  Overlord x5  
  116  9:49  Overlord  
  120  10:02  Drone  
  121  10:08  Glial Reconstitution  
  121  10:12  Drone x2  
  121  10:13  Drone x2  
  125  10:20  Drone  
  125  10:36  Corruptor x2  
  125  10:37  Corruptor x3  
  135  10:46  Mutalisk x4  
  135  10:47  Mutalisk x2  
  135  10:48  Corruptor x4  
  135  10:49  Corruptor  
  155  10:54  Drone x3  
  160  10:57  Drone x3  
  160  10:59  Drone  
  160  11:01  Drone  
  160  11:02  Drone  
  166  11:07  Overlord x2  
  166  11:12  Drone  
  166  11:14  Drone  
  168  11:26  Zerg Flyer Armor Level 1  
  153  11:58  Roach x2  
  153  11:59  Roach  
  156  12:06  Mutalisk x6  
  156  12:08  Mutalisk x5  
  168  12:09  Mutalisk  
  168  12:10  Mutalisk  
  182  12:16  Drone x3  
  182  12:18  Drone x3  
  188  12:28  Ultralisk Cavern  
  187  12:36  Drone  
  188  12:39  Extractor  
  188  12:40  Queen  
  188  12:41  Extractor  
  188  12:42  Drone  
  188  12:43  Drone  
  190  12:45  Extractor  
  190  12:46  Extractor  
  188  12:53  Mutalisk x6  
  178  13:21  Mutalisk x4  
  178  13:22  Mutalisk  
  178  13:23  Mutalisk  
  178  13:26  Zergling x8  
  178  13:27  Zergling x2  
  173  13:28  Zergling x4  
  153  13:44  Zergling x6  
  155  14:02  Drone  
  155  14:03  Drone x2  
  157  14:13  Queen  
  159  14:21  Mutalisk  
  159  14:22  Mutalisk  
  160  14:28  Ultralisk x2  
  160  14:29  Ultralisk  
  178  14:34  Ultralisk x2  
  190  14:43  Drone  
  190  14:44  Drone x2  
  193  14:51  Drone x2  
  193  14:52  Drone x2  
  198  14:59  Drone  
  185  15:24  Zergling x10, Swarm Host  
  185  15:28  Ultralisk x5  
  172  15:30  Ultralisk, Mutalisk  
  158  15:50  Mutalisk x2  
  158  15:51  Mutalisk  
  158  15:53  Zergling x6  
  158  15:54  Zergling x8  
  150  16:06  Zergling x2  
  137  16:19  Ultralisk  
  137  16:20  Ultralisk  
  149  16:28  Zergling x4  
  149  16:29  Zergling x4  
  149  16:30  Zergling x4  
  156  16:32  Zergling x2  
  156  16:33  Zergling x4  
  158  16:43  Zergling x6  
  152  17:08  Zergling x4  
  152  17:09  Zergling x12  
  152  17:12  Hatchery  
  145  17:28  Hatchery  
  145  17:29  Zergling x2  
  130  17:30  Zergling x4  
  130  17:33  Zergling x6  
  130  17:35  Zergling x8  
  96  18:02  Zergling x4  
  96  18:10  Zergling x4  
  96  18:11  Zergling x8  
  96  18:12  Zergling x2  
  95  18:13  Zergling x6  
  95  18:16  Drone x3  
  91  18:34  Zergling x2  
  91  18:35  Zergling x6  
  91  18:36  Zergling x4  
  91  18:37  Zergling x2  
  91  18:38  Roach x2  
  91  18:41  Drone x2  
  104  18:44  Drone  
  104  18:45  Queen  
  107  18:52  Zergling x10  
  108  19:09  Zergling x6  
  106  19:17  Drone x3  
  106  19:19  Drone x2  
  111  19:30  Extractor  
  110  19:32  Ultralisk x2  
  110  19:33  Overlord  
  110  19:35  Drone  
  113  20:02  Corruptor x3  
  106  20:19  Zergling x14  
  106  20:20  Zergling x8  
  111  20:21  Zergling x2  
  111  20:23  Drone x2  
  111  20:24  Drone  
  111  20:26  Extractor  
  111  20:29  Extractor  
  111  20:30  Extractor  
  111  20:32  Queen  
  111  20:35  Queen  
  113  20:47  Zergling x10  
  118  20:53  Zergling x6  
  118  20:54  Zergling x2, Corruptor  
  118  20:55  Corruptor x3  
  118  20:56  Corruptor  
  127  20:58  Drone  
  127  20:59  Drone x2  
  129  21:11  Zergling x2  
  129  21:12  Zergling x8  
  129  21:17  Drone  
  129  21:18  Drone x2  
  137  21:21  Drone  
  137  21:22  Drone x2  
  137  21:23  Corruptor x4  
  148  21:44  Ultralisk x2  
  148  21:45  Corruptor  
  148  21:47  Swarm Host  
  162  21:51  Drone x3  
  163  22:28  Zergling x2  
  163  22:29  Zergling x10  
  150  22:32  Corruptor x2  
  152  22:38  Zergling x2  
  152  22:39  Zergling x4  
  152  22:43  Drone x3  
  152  22:48  Zergling x4  
  152  22:49  Zergling x2  
  155  22:59  Mutalisk x6  
  155  23:01  Mutalisk x5  
  155  23:03  Mutalisk x2  
Tags
 
League
Gold
Matchup
PvZ
Opening
Pool First
Replay Pack
20200422
Spawn Locations
Cross Positions
Add a new tag
Caveats
  • Supply blocks, unpowered buildings, or Contaminate may cause inaccurate times.
  • Supply counts are checked every 10 seconds.